 Dungeon Crawl Stone Soup version 0.26.1-11-gd32895ea62 (webtiles) character file.

Game seed: 5664624077665356460

47 Zeld the Skirmisher (level 3, 0/29 HPs)
             Began as a Demonspawn Abyssal Knight on June 12, 2021.
             Was a Follower of Lugonu.
             Succumbed to an adder's poison
             ... on level 2 of the Dungeon.
             The game lasted 00:02:30 (2076 turns).

Zeld the Skirmisher (Demonspawn Abyssal Knight)     Turns: 2076, Time: 00:02:31

Health: 0/29       AC:  3    Str: 13    XL:     3   Next: 48%
Magic:  4/4        EV: 11    Int: 13    God:    Lugonu [*.....]
Gold:   82         SH:  0    Dex: 12    Spells: 2/2 levels left

rFire    . . .     SeeInvis .   a - +1 short sword
rCold    . . .     Faith    .   (no shield)
rNeg     . . .     Spirit   .   b - +0 leather armour
rPois    .         Reflect  .   (no helmet)
rElec    .         Harm     .   (no cloak)
rCorr    .         Rampage  .   (no gloves)
Will     .....                  (no boots)
Stlth    +.........             (no amulet)
HPRegen  0.09/turn              (no ring)
MPRegen  0.09/turn              (no ring)

@: lethally poisoned (0 -> -1)
A: talons 1
a: Renounce Religion, Depart the Abyss


You were on level 2 of the Dungeon.
You worshipped Lugonu.
Lugonu was aware of your devotion.
You visited 1 branch of the dungeon, and saw 2 of its levels.
You visited the Abyss 1 time.

You collected 82 gold pieces.

Inventory:

Hand Weapons
 a - a +1 short sword (weapon)
Armour
 b - a +0 leather armour (worn)
Scrolls
 c - a scroll of amnesia {unknown}
 f - 2 scrolls of remove curse {unknown}
 j - a scroll of magic mapping {unknown}
 k - a scroll of enchant weapon {unknown}
Potions
 d - a potion of brilliance
 g - 2 potions of curing
 h - a potion of lignification {unknown}
 i - a potion of heal wounds {unknown}


   Skills:
 + Level 3.4 Fighting
 * Level 2.8 Short Blades
 - Level 1.7 Armour
 + Level 1.6 Dodging
 - Level 2.4 Invocations


You had 2 spell levels left.
You didn't know any spells.
Your spell library was empty.

Dungeon Overview and Level Annotations

Branches:
Dungeon (2/15)

Altars:


Innate Abilities, Weirdness & Mutations

You have sharp toenails.


Message History

* * * LOW HITPOINT WARNING * * *
You feel sick.
As you read the scroll of identify, it crumbles to dust.
d - a potion of brilliance
Okay, then.
* * * LOW HITPOINT WARNING * * *
You feel sick.
* * * LOW HITPOINT WARNING * * *
You feel sick.
* * * LOW HITPOINT WARNING * * *
You feel sick.
* * * LOW HITPOINT WARNING * * *
You feel sick.
* * * LOW HITPOINT WARNING * * *
You feel sick.
There is a lethal amount of poison in your body!
There is a lethal amount of poison in your body!
* * * LOW HITPOINT WARNING * * *
You feel sick.
You die...

.. .. #. #. #.
#?#####.##
#####.........
#......# ######@#
#.# #<#
.#####)####.###.
#................
#####$...........
#.#.########.
...#.# #####.#


There were no monsters in sight!

Vanquished Creatures
  An adder (D:2)
  An ooze (D:1)
  A ball python (D:1)
  2 goblins
  6 hobgoblins
  5 jackals
  7 kobolds (D:1)
  3 bats (D:1)
  2 frilled lizards (D:1)
  3 rats (D:1)
  2 bushes (D:1)
33 creatures vanquished.

Vanquished Creatures (others)
  7 plants (D:1)
7 creatures vanquished.

Grand Total: 40 creatures vanquished

Notes
Turn   | Place    | Note
-------+----------+-------------------------------------------
     0 | Abyss:1  | Zeld the Demonspawn Abyssal Knight began the quest for the
                  | Orb.
     0 | Abyss:1  | Reached XP level 1. HP: 18/18 MP: 2/2
     3 | Abyss:1  | Found a corrupted altar of Lugonu.
    39 | Abyss:1  | Found a corrupted altar of Lugonu.
   151 | Abyss:1  | Found a corrupted altar of Lugonu.
   169 | Abyss:1  | Found a corrupted altar of Lugonu.
   171 | Abyss:1  | Noticed an ancient zyme
   184 | D:1      | Escaped the Abyss
   412 | D:1      | Reached skill level 1 in Dodging
   657 | D:1      | Gained mutation: You have sharp toenails. [demonic
                  | ancestry]
   657 | D:1      | Reached XP level 2. HP: 22/24 MP: 3/3
   695 | D:1      | Reached * piety under Lugonu
  1287 | D:1      | Reached XP level 3. HP: 29/29 MP: 4/4
  2072 | D:2      | HP: 1/29 [poisoned by an adder]
  2076 | D:2      | Succumbed to an adder's poison

Illustrated notes

Levels and vault maps discovered:
D:1:      dpeg_arrival_line_fractal, layout_basic, serial_forest,
          infiniplex_forest_clump_curved, infiniplex_forest_straight_2,
          infiniplex_forest_clump_double, infiniplex_forest_straight_2,
          infiniplex_forest_lined_ring, infiniplex_forest_straight_2,
          infiniplex_forest_clump_medium, infiniplex_forest_pool
D:2:      minmay_wonky_spiral, layout_loops_ring

Skill      XL: |  1 |
---------------+----+-----
Dodging        | 1 |  1.6
Short Blades   | 2 |  2.8
Fighting       | |  3.4
Armour         | |  1.7
Invocations    | |  2.4

Action                   || total
-------------------------++-------
Melee: Short sword       ||   397
       Kick              ||   153
Invok: Depart the Abyss  ||     1
  Use: Scroll            ||     2
Armor: Leather armour    ||    44
Dodge: Dodged            ||    89
